 Dungeon Crawl Stone Soup version 0.25.1-2-g60ff931df9 (webtiles) character file.

Game seed: 15106910556612359541

30196 DildoBatman the Blocker (level 13, -6/98 HPs)
             Began as a Formicid Wizard on Sept 3, 2020.
             Was an Initiate of Gozag.
             Mangled by a catoblepas (30 damage)
             ... in a Gauntlet.
             The game lasted 01:08:21 (15861 turns).

DildoBatman the Blocker (Formicid Wizard)          Turns: 15861, Time: 01:08:21

Health: -6/98      AC:  6    Str: 12    XL:     13   Next: 86%
Magic:  23/41      EV: 15    Int: 23    God:    Gozag
Gold:   1695       SH: 10    Dex: 12    Spells: 5/26 levels left

rFire    + . .     SeeInvis +   a - +9 whip "Nantach" {drain, rN+ Dex+3}
rCold    + . .     Gourm    .   p - +0 kite shield
rNeg     + . .     Faith    .   o - +0 troll leather armour
rPois    +         Spirit   .   (helmet unavailable)
rElec    +         Reflect  .   Q - +0 cloak
rCorr    +         Harm     .   (no gloves)
MR       +....                  (no boots)
Stlth    ++........             m - amulet of magic regeneration
HPRegen  0.66/turn              r - ring of magical power
MPRegen  0.52/turn              B - ring of magical power

@: mighty, brilliant, resistant, stab, very slightly contaminated, invisible
A: permanent stasis, dig shafts and tunnels, four strong arms, antennae 3
a: Dig, Shaft Self, Potion Petition, Call Merchant, Bribe Branch, Renounce
Religion


You were in a Gauntlet.
You worshipped Gozag.
Gozag was most pleased with you.
You were not hungry.

You visited 3 branches of the dungeon, and saw 15 of its levels.
You also visited: Gauntlet.

You collected 2323 gold pieces.
You paid 628 gold pieces to Gozag.

Inventory:

Hand Weapons
 a - the +9 whip "Nantach" (weapon) {drain, rN+ Dex+3}
   (You found it on level 8 of the Dungeon)

   A truly terrible weapon, it drains the life of those it strikes.
   It affects your dexterity (+3).
   It protects you from negative energy.
 c - a +0 hunting sling
 C - a +4 scimitar of flaming
 E - a +0 halberd
Missiles
 j - 268 stones (quivered)
 l - 43 bolts
 n - 59 sling bullets
 s - 169 arrows
 w - 42 boomerangs
 F - 21 poisoned darts
Armour
 o - a +0 troll leather armour (worn)
 p - a +0 kite shield (worn)
 Q - a +0 cloak (worn)
Magical Staves
 b - an uncursed staff of energy
Jewellery
 g - an uncursed amulet of guardian spirit
 m - an amulet of magic regeneration (around neck)
 r - a ring of magical power (left hand)
 z - the amulet of Ugeor {Faith Dex+4 SInv}
   (You found it in a Gauntlet)

   [amulet of faith]

   It allows you to gain divine favour quickly.
   It affects your dexterity (+4).
   It lets you see invisible.
 B - a ring of magical power (right hand)
 N - an uncursed ring of protection from cold
Wands
 k - a wand of acid (11)
 u - a wand of disintegration (9)
 A - a wand of iceblast (4)
 D - a wand of paralysis (3)
Scrolls
 i - a scroll of immolation {unknown}
 t - 2 scrolls of blinking {unknown}
 x - 3 scrolls of remove curse
 y - 3 scrolls of fear
 H - 2 scrolls of amnesia {unknown}
 I - a scroll of fog {unknown}
 J - 3 scrolls of enchant weapon {unknown}
 K - a scroll of enchant armour {unknown}
 R - a scroll of noise {unknown}
Potions
 d - a potion of berserk rage {unknown}
 e - a potion of heal wounds
 f - 3 potions of haste
 h - 2 potions of might
 q - 5 potions of curing
 G - a potion of stabbing {unknown}
 L - 2 potions of lignification {unknown}
 P - a potion of mutation {unknown}
Miscellaneous
 M - a box of beasts
Comestibles
 v - 16 rations


   Skills:
 * Level 8.2 Fighting
 * Level 8.2 Armour
 * Level 7.3 Dodging
 - Level 2.4 Stealth
 - Level 9.0 Shields
 - Level 7.0 Spellcasting
 - Level 6.0 Conjurations
   Level 1.0 Summonings
 - Level 9.0 Necromancy
   Level 0.8 Translocations
 - Level 5.0 Fire Magic
 - Level 5.0 Air Magic
 - Level 9.0 Earth Magic
 - Level 4.0 Evocations


You had 5 spell levels left.
You knew the following spells:

 Your Spells              Type           Power        Failure   Level  Hunger
a - Conjure Flame         Conj/Fire      ######..     3%          3    None
b - Borgnjor's Vile Clut  Necr/Erth      ######....   6%          5    None
c - Magic Dart            Conj           ####         1%          1    None
d - Vampiric Draining     Necr           ######....   1%          3    None
e - Mephitic Cloud        Conj/Pois/Air  #####...     6%          3    None
h - Dispel Undead         Necr           ######..     2%          4    None
z - Sublimation of Blood  Necr           ######....   1%          2    None

Your spell library contained the following spells:

 Spells                   Type           Power        Failure   Level  Hunger
 Pain                     Necr           ####         1%          1    None
 Corpse Rot               Necr/Air       N/A          1%          2    None
 Animate Dead             Necr           N/A          2%          4    None
 Call Imp                 Summ           ###.....     10%         2    None
 Slow                     Hex            ##......     14%         2    None
 Gell's Gravitas          Tloc           ###.......   21%         3    None
 Teleport Other           Tloc           ###.....     21%         3    None
 Excruciating Wounds      Chrm/Necr      #####.....   38%         5    None
 Death Channel            Necr           ######....   34%         6    None
 Haunt                    Necr/Summ      #####.....   100%        7    None
 Borgnjor's Revivificati  Necr           ######....   100%        8    None
 Death's Door             Chrm/Necr      #####.....   100%        8    None
 Infestation              Necr           ######....   100%        8    None
 Necromutation            Tmut/Necr      #####.....   100%        8    None
 Blink                    Tloc           Unusable     N/A         2    N/A

Dungeon Overview and Level Annotations

Branches:
Dungeon (12/15)            Temple (1/1) D:7            Lair (0/6) D:9
    Orc (2/2) D:10            Elf (0/3) Orc:2       Gauntlet (1/1)

Altars:
Ashenzari
Cheibriados
Dithmenos
Elyvilon
Fedhas
Gozag
Hepliaklqana
Kikubaaqudgha
Makhleb
Nemelex Xobeh
Okawaru
Qazlal
Ru
Sif Muna
Trog
Uskayaw
Vehumet
Wu Jian
Xom
Yredelemnul
Zin
The Shining One

Shops:
Orc:1 =   Orc:2 [[(}

Annotations:
D:5 exclusion: dancing weapon Gauntlet 9 transporters, 3 runed translucent doors, exclusion: lightning spire


Innate Abilities, Weirdness & Mutations

You cannot be hasted, slowed, berserked, paralysed or teleported.
You can dig through walls and to a lower floor.
Your four strong arms can wield two-handed weapons with a shield.
You have a pair of large antennae on your head. (SInv)


Message History

Press: ? - help, Shift-Dir - straight line, f - catoblepas
Aim: a catoblepas (calcifying dust, moderately wounded)
You feel a surge of power!
Zombie hands grab the catoblepas.
The zombie hands constrict the catoblepas!
You block the catoblepas's attack.
Casting: Borgnjor's Vile Clutch (dangerous; 6% risk of failure)
Confirm with . or Enter, or press ? or * to list all spells.
Aiming: Borgnjor's Vile Clutch (dangerous; 6% risk of failure)
Press: ? - help, Shift-Dir - straight line, f - gargoyle, p - catoblepas
Aim: a gargoyle, wielding a +0 mace You feel a surge of power!
Zombie hands grab the gargoyle.
The zombie hands constrict the gargoyle.
The zombie hands constrict the catoblepas!
The gargoyle hurls a stone arrow at you.
The stone arrow hits you! The catoblepas gores you!!
You die...
Your body crumbles into a pile of gold.

........###########...≈#
#####...#.........#...##
....#...#..##^##..#...≈#
###.#####.#..#.{#.#...##
..#.#...#.#..#.^#?#...≈#
©.#©#©8©#.9#####.©#.8.##
..#.#...#.#^{#..#9#...≈#
##..#####.#..#..#|#...##
....#...#..##^##@9#...≈#
#####...#......Y§§#..§##
........###########.§.≈#
8.....8.............§§##
§.§§.........8......8.≈#
#≈#≈#≈#........§.§....##
########≈#≈#≈#≈#§#≈#≈##
###############


You could see a catoblepas (clutched) and 2 gargoyles.

Vanquished Creatures
  An orc warlord (Orc:2)
  Josephine (D:11)
  3 orc high priests (Orc:2)
  2 unseen horrors
  6 orc knights
  A deep elf mage (D:12)
  5 ugly things
  6 orc sorcerers
  A cyclops (Orc:2)
  Maurice (Orc:1)
  2 centaur zombies
  2 gargoyles (D:12)
  An efreet (Gauntlet)
  3 trolls
  Prince Ribbit (D:8)
  Grinder (D:6)
  2 hippogriffs
  A shadow (D:11)
  3 fire elementals (Gauntlet)
  A spriggan (D:7)
  Sigmund (D:3)
  A wyvern (D:10)
  6 wraiths (D:11)
  10 yaks
  A vampire (D:9)
  A basilisk (D:9)
  Edmund (D:6)
  Menkaure (D:7)
  3 wargs
  A water moccasin (D:8)
  A hell hound (Gauntlet)
  2 porcupines (D:9)
  A hornet zombie (D:8)
  26 orc warriors
  2 black bears
  5 sky beasts
  2 ice beasts
  A necrophage (D:10)
  12 ogres
  7 centaurs
  3 crocodiles (D:9)
  A big kobold (D:10)
  7 bullfrogs
  4 scorpions
  A wyvern skeleton (D:10)
  25 killer bees
  10 howler monkeys
  8 crimson imps
  2 jellies
  19 orc priests
  7 hounds
  29 orc wizards
  2 bullfrog skeletons
  2 centaur skeletons
  5 iguanas
  Terence (D:1)
  7 worker ants
  A hound zombie (D:6)
  2 hound skeletons
  A howler monkey zombie (D:11)
  A worker ant zombie (D:8)
  17 gnolls
  A howler monkey skeleton (D:4)
  16 adders
  2 shadow imps
  An ooze (D:4)
  2 adder zombies
  An adder skeleton (D:4)
  An iguana skeleton (D:11)
  2 worms
  A dart slug (D:2)
  5 leopard geckos
  85 orcs
  2 giant cockroaches
  7 goblins
  7 hobgoblins
  13 jackals
  2 quokkas
  3 ball pythons
  A bat (D:2)
  7 frilled lizards
  A jackal zombie (D:8)
  9 kobolds
  A quokka skeleton (D:4)
  4 rats
458 creatures vanquished.

Vanquished Creatures (collateral kills)
  An orc (D:4)
1 creature vanquished.

Vanquished Creatures (others)
  A porcupine (D:9)
  A bush (D:9)
  3 demonic plants (Gauntlet)
  A fungus (D:9)
  8 plants (D:9)
14 creatures vanquished.

Grand Total: 473 creatures vanquished

Notes
Turn   | Place    | Note
-------+----------+-------------------------------------------
     0 | D:1      | DildoBatman the Formicid Wizard began the quest for the
                  | Orb.
     0 | D:1      | Reached XP level 1. HP: 13/13 MP: 4/4
    46 | D:1      | Reached skill level 1 in Conjurations
   362 | D:1      | Reached XP level 2. HP: 19/19 MP: 0/6
   967 | D:2      | Reached XP level 3. HP: 24/24 MP: 0/7
   972 | D:2      | Learned a level 3 spell: Conjure Flame
   976 | D:2      | Learned a level 3 spell: Mephitic Cloud
  1442 | D:2      | Reached XP level 4. HP: 23/30 MP: 3/8
  1527 | D:2      | Found a shimmering blue altar of Sif Muna.
  2035 | D:3      | Reached XP level 5. HP: 16/35 MP: 5/9
  2313 | D:3      | Noticed Terence
  2725 | D:3      | Reached XP level 6. HP: 37/41 MP: 5/10
  2872 | D:3      | Noticed Sigmund
  2914 | D:3      | Reached skill level 5 in Conjurations
  3499 | D:4      | Found a stormy altar of Qazlal.
  3593 | D:5      | Entered Level 5 of the Dungeon
  3778 | D:5      | Found a hide-covered altar of Uskayaw.
  3905 | D:6      | Noticed Edmund
  4064 | D:6      | Reached skill level 1 in Fire Magic
  4367 | D:6      | Reached XP level 7. HP: 45/46 MP: 11/11
  4384 | D:6      | Reached skill level 1 in Air Magic
  4435 | D:6      | Noticed Grinder
  5072 | D:7      | Noticed a hippogriff
  5279 | D:7      | Killed a hippogriff
  5279 | D:7      | Reached XP level 8. HP: 41/52 MP: 12/12
  5324 | D:7      | Found a staircase to the Ecumenical Temple.
  5332 | D:7      | Noticed Menkaure
  5334 | Temple   | Entered the Ecumenical Temple
  5474 | Temple   | Became a worshipper of Kikubaaqudgha
  5662 | D:7      | Killed Menkaure
  5793 | D:7      | Reached skill level 1 in Evocations
  5862 | D:7      | Reached skill level 5 in Fire Magic
  5885 | D:7      | Found a shadowy altar of Dithmenos.
  6204 | D:7      | Noticed a spriggan baker
  6211 | D:7      | Killed a spriggan baker
  6211 | D:7      | Reached XP level 9. HP: 52/57 MP: 13/13
  6331 | D:6      | Killed Grinder
  6367 | D:6      | Killed Edmund
  6367 | D:6      | Reached skill level 1 in Fighting
  6367 | D:6      | Reached skill level 1 in Armour
  6367 | D:6      | Reached skill level 5 in Air Magic
  6754 | D:5      | Reached * piety under Kikubaaqudgha
  6754 | D:5      | Identified Kikubaaqudgha's Catalogue of Black Rites
                  | (Kikubaaqudgha gifted it to you on level 5 of the Dungeon)
  6754 | D:5      | Received a gift from Kikubaaqudgha
  6844 | D:5      | Noticed a +0 hand axe
  6844 | D:5      | Noticed a +0 dagger
  8024 | D:3      | Killed Sigmund
  8024 | D:3      | Reached ** piety under Kikubaaqudgha
  8108 | D:1      | Killed Terence
  8307 | D:8      | Reached skill level 1 in Shields
  8307 | D:8      | Reached XP level 10. HP: 52/71 MP: 14/14
  8497 | D:8      | Reached skill level 5 in Shields
  8519 | D:8      | Noticed Prince Ribbit
  8526 | D:8      | Killed Prince Ribbit
  8852 | D:8      | Reached *** piety under Kikubaaqudgha
  8852 | D:8      | Identified Kikubaaqudgha's Guide on Evil Secrets
                  | (Kikubaaqudgha gifted it to you on level 8 of the Dungeon)
  8852 | D:8      | Received a gift from Kikubaaqudgha
  8868 | D:8      | Learned a level 2 spell: Sublimation of Blood
  8872 | D:8      | Learned a level 3 spell: Vampiric Draining
  8878 | D:8      | Found a burning altar of Makhleb.
  8886 | D:8      | Got a polished whip
  8886 | D:8      | Got a thick robe
  8898 | D:8      | Identified the +0 robe of the Hippo {Int+4} (You found it
                  | on level 8 of the Dungeon)
  8899 | D:8      | Identified the +9 whip "Nantach" {drain, rN+ Dex+3} (You
                  | found it on level 8 of the Dungeon)
  9099 | D:8      | Found a glowing silver altar of Zin.
  9388 | D:9      | Reached skill level 5 in Spellcasting
  9414 | D:9      | Reached XP level 11. HP: 65/76 MP: 4/19
  9513 | D:9      | Learned a level 4 spell: Dispel Undead
  9519 | D:9      | Learned a level 5 spell: Borgnjor's Vile Clutch
  9622 | D:9      | Reached skill level 1 in Earth Magic
  9674 | D:9      | Reached skill level 1 in Necromancy
  9745 | D:9      | Found a staircase to the Lair.
  9790 | D:9      | Found a white marble altar of Elyvilon.
  9942 | D:9      | Found a basalt altar of Yredelemnul.
  9942 | D:9      | Found a hazy altar of Hepliaklqana.
  9942 | D:9      | Found a shimmering altar of Xom.
  9948 | D:9      | Found a bloodstained altar of Trog.
 10157 | D:10     | Entered Level 10 of the Dungeon
 10255 | D:10     | Reached **** piety under Kikubaaqudgha
 10281 | D:10     | Noticed a red ugly thing
 10482 | D:10     | Noticed an unseen horror
 10728 | D:10     | Found a staircase to the Orcish Mines.
 10758 | D:10     | Killed an unseen horror
 10758 | D:10     | Reached skill level 5 in Earth Magic
 11025 | D:10     | Killed a red ugly thing
 11405 | Orc:1    | Entered Level 1 of the Orcish Mines
 11405 | Orc:1    | Noticed an orc sorcerer
 11405 | Orc:1    | Noticed an orc knight
 11407 | Orc:1    | Noticed an orc sorcerer
 11426 | D:10     | Killed an orc sorcerer
 11426 | D:10     | Reached skill level 5 in Necromancy
 11464 | D:10     | Killed an orc knight
 11543 | D:10     | Killed an orc sorcerer
 11816 | Orc:1    | Noticed Maurice
 11885 | Orc:1    | Killed Maurice
 11885 | Orc:1    | Reached XP level 12. HP: 77/83 MP: 22/22
 11948 | Orc:1    | Reached ***** piety under Kikubaaqudgha
 12016 | Orc:1    | Found Pysch's Jewellery Emporium.
 12332 | Orc:2    | Entered Level 2 of the Orcish Mines
 12947 | Orc:2    | Noticed an orc warlord
 12980 | Orc:2    | Killed an orc warlord
 13096 | Orc:2    | Found a staircase to the Elven Halls.
 13710 | Orc:2    | Noticed an orc high priest
 13719 | Orc:2    | Noticed a soul eater
 13720 | Orc:2    | Killed an orc high priest
 13720 | Orc:2    | Reached skill level 5 in Fighting
 13720 | Orc:2    | Reached skill level 5 in Armour
 13727 | Orc:2    | Noticed an orc high priest
 13733 | Orc:2    | Killed an orc high priest
 13733 | Orc:2    | Reached skill level 5 in Dodging
 13733 | Orc:2    | Reached XP level 13. HP: 75/92 MP: 13/23
 13824 | Orc:2    | Reached ****** piety under Kikubaaqudgha
 13906 | Orc:2    | Received a gift from Kikubaaqudgha
 13932 | Orc:2    | Found Ygokluil's Armour Shop.
 13932 | Orc:2    | Found Wevvozaa's Armour Emporium.
 13943 | Orc:2    | Found Xousat's Gadget Shop.
 13943 | Orc:2    | Found Jufareto's Weapon Emporium.
 14190 | D:11     | Fell from the grace of Kikubaaqudgha
 14288 | Temple   | Became a worshipper of Gozag Ym Sagoz the Greedy
 14775 | D:11     | Noticed Josephine
 14857 | D:11     | Killed Josephine
 15433 | D:12     | Found a gate leading to a gauntlet.
 15449 | Gauntlet | Entered a Gauntlet
 15449 | Gauntlet | Found a transporter.
 15457 | Gauntlet | Found a runed translucent gate.
 15458 | Gauntlet | Found a transporter.
 15458 | Gauntlet | Found a runed translucent gate.
 15459 | Gauntlet | Found a runed translucent gate.
 15470 | Gauntlet | Found a transporter.
 15474 | Gauntlet | Found a transporter.
 15484 | Gauntlet | Found a transporter.
 15504 | Gauntlet | Found a transporter.
 15517 | Gauntlet | Found a transporter.
 15517 | Gauntlet | Noticed a catoblepas
 15537 | Gauntlet | Found a transporter.
 15541 | Gauntlet | Found a transporter.
 15549 | Gauntlet | Found a transporter.
 15580 | Gauntlet | Found a transporter.
 15606 | Gauntlet | Found a transporter.
 15722 | Gauntlet | Identified the Papyrus of Dislocation
 15744 | Gauntlet | Got a clouded iron amulet
 15764 | Gauntlet | Identified the amulet of Ugeor {Faith Dex+4 SInv} (You
                  | found it in a Gauntlet)
 15861 | Gauntlet | Mangled by a catoblepas

Illustrated notes

Levels and vault maps discovered:
D:1:      mrwooster_arrival_statue, layout_basic, st_stairs_7
D:2:      layout_loops_cross, led_sif_pool
D:3:      layout_basic, uniq_sigmund, uniq_terence
D:4:      minmay_polygon_palace, layout_basic, nicolae_qazlal_general_emergency,
          first_ration, chequers_serial_rivers_micro_a
D:5:      layout_cave_pods, dancing_weapons_uskayaw, kennysheep_small_square
D:6:      layout_basic, uniq_grinder, uniq_edmund
D:7:      layout_loops_ring, minmay_temple_entry_sparse_star, the_bakery,
          nicolae_dithmenos_shadow_blocks, uniq_menkaure
D:8:      layout_loops_corners, zin_treasury, bloody_makhleb,
          uniq_prince_ribbit1
D:9:      layout_loops_ring, nicolae_overflow_hidden_temple,
          grunt_temple_overflow_cloverleaf, minmay_lair_entry_grove
D:10:     layout_cave_pods, david_orc_2
D:11:     layout_long_grid, uniq_josephine
D:12:     lemuel_traditional_vault, layout_loops_cross, gauntlet_entry_generic,
          minivault_16
Temple:   dshaligram_water_room_temple
Orc:1:    layout_caves, serial_shops, nicolae_shop_behind_doors, uniq_maurice
Orc:2:    grunt_orc_tribal_feast, layout_caves
Gauntlet: minmay_gauntlet_mixed_oops_all_seconds [minmay_gauntlet_arena_77_box,
          gammafunk_gauntlet_arena_spirals, minmay_gauntlet_arena_77_run_for_it,
          nicolae_gauntlet_arena_quarters, minmay_gauntlet_arena_77_squiggly,
          gammafunk_gauntlet_arena_hedges,
          nicolae_gauntlet_exit_dead_adventurers]

Skill      XL: |  1  2  3  4  5  6  7  8  9 10 11 12 13 |
---------------+----------------------------------------+-----
Conjurations   | 1 2 3 4 5 6 |  6.0
Fire Magic     | 1 3 5 |  5.0
Air Magic      | 2 4 5 |  5.0
Evocations     | 3 4 |  4.0
Fighting       | 3 5 8 |  8.2
Armour         | 3 5 8 |  8.2
Dodging        | 3 5 7 |  7.3
Shields        | 1 9 |  9.0
Spellcasting   | 5 7 |  7.0
Earth Magic    | 7 9 |  9.0
Necromancy     | 6 9 |  9.0
Stealth        | |  2.4
Summonings     | |  1.0
Translocations | |  0.8

Action                   |  1- 3 |  4- 6 |  7- 9 | 10-12 | 13-15 || total
-------------------------+-------+-------+-------+-------+-------++-------
Melee: Dagger            |    26 |    15 |   121 |    72 |       ||   234
       Staff             |       |       |     1 |     2 |       ||     3
       Whip              |       |       |       |   301 |   169 ||   470
       Halberd           |       |       |       |     6 |       ||     6
 Fire: Hunting sling     |       |     1 |       |       |       ||     1
 Cast: Magic Dart        |    64 |   146 |   109 |    88 |    18 ||   425
       Mephitic Cloud    |       |     3 |    39 |    76 |    15 ||   133
       Conjure Flame     |       |     1 |    19 |    35 |     7 ||    62
       Vampiric Draining |       |       |       |    11 |     8 ||    19
       Dispel Undead     |       |       |       |     1 |    12 ||    13
       Borgnjor's Vile C |       |       |       |    36 |    30 ||    66
Invok: Receive Necronomi |       |       |       |       |     1 ||     1
       Potion Petition   |       |       |       |       |     1 ||     1
       Renounce Religion |       |       |       |       |     1 ||     1
 Abil: Dig               |     4 |     4 |     4 |    23 |     9 ||    44
Evoke: Staff of energy   |       |       |    14 |    94 |    33 ||   141
       Wand              |       |       |       |     1 |     4 ||     5
  Use: Scroll            |       |     4 |     1 |     5 |     2 ||    12
       Potion            |       |       |       |       |     3 ||     3
 Stab: Sleeping          |     1 |     2 |       |     1 |     1 ||     5
       Confused          |       |     1 |     7 |    25 |     6 ||    39
       Paralysed         |       |       |       |     5 |       ||     5
  Eat: Chunk             |     2 |     9 |    14 |    36 |     8 ||    69
       Ration            |       |       |     1 |       |     4 ||     5
Armor: Robe              |     8 |     5 |     7 |     3 |       ||    23
       Leather armour    |       |       |       |    23 |     2 ||    25
       Troll leather arm |       |       |       |       |    37 ||    37
Dodge: Dodged            |    34 |    25 |    60 |   151 |    96 ||   366
Block: Kite shield       |       |       |       |   139 |    82 ||   221
